 Dungeon Crawl Stone Soup version 0.27.1-3-gb3d3a73c9e (webtiles) character file.

Game seed: 3475429434133495416

139 Urokeeper the Shield-Bearer (level 5, -1/47 HPs)
             Began as a Gnoll Fighter on Oct 7, 2021.
             Slain by an orc (6 damage)
             ... on level 3 of the Dungeon.
             The game lasted 00:05:40 (2237 turns).

Urokeeper the Shield-Bearer (Gnoll Fighter)         Turns: 2237, Time: 00:05:42

Health: -1/47      AC: 10    Str: 16    XL:     5   Next: 22%
Magic:  5/7        EV:  6    Int:  7    God:
Gold:   87         SH: 14    Dex: 12    Spells: 6/6 levels left

rFire    . . .     SeeInvis .   a - +0 war axe
rCold    . . .     Faith    .   g - +0 tower shield
rNeg     . . .     Spirit   .   b - +0 scale mail
rPois    .         Reflect  .   (no helmet)
rElec    .         Harm     .   o - +1 cloak
rCorr    .         Rampage  .   (no gloves)
Will     +....                  (no boots)
Stlth    ..........             (no amulet)
HPRegen  0.15/turn              n - ring of willpower
MPRegen  0.10/turn              (no ring)

@: on berserk cooldown, slowed, very slow
A: fangs 1, strong nose, distributed training
a: no special abilities


You were on level 3 of the Dungeon.
You visited 1 branch of the dungeon, and saw 3 of its levels.

You collected 87 gold pieces.

Inventory:

Hand Weapons
 a - a +0 war axe (weapon)
Armour
 b - a +0 scale mail (worn)
 c - a +0 kite shield
 g - a +0 tower shield (worn)
 o - a +1 cloak (worn)
Jewellery
 n - a ring of willpower (left hand)
Scrolls
 e - a scroll of identify
 f - a scroll of fog
 l - a scroll of enchant weapon
Potions
 d - 2 potions of might
 i - 2 potions of haste {unknown}
 j - 2 potions of flight {unknown}
 m - a potion of brilliance {unknown}


   Skills:
 + Level 6.6 Fighting
 + Level 1.4 Short Blades
 + Level 1.4 Long Blades
 + Level 4.7 Axes
 + Level 1.4 Maces & Flails
 + Level 1.4 Polearms
 + Level 1.4 Staves
 + Level 1.4 Slings
 + Level 1.4 Bows
 + Level 1.4 Crossbows
 + Level 1.4 Throwing
 + Level 6.6 Armour
 + Level 1.4 Dodging
 + Level 1.4 Stealth
 + Level 6.6 Shields
 + Level 1.4 Unarmed Combat
 + Level 1.4 Spellcasting
 + Level 1.1 Conjurations
 + Level 1.1 Hexes
 + Level 1.1 Summonings
 + Level 1.1 Necromancy
 + Level 1.1 Translocations
 + Level 1.1 Transmutations
 + Level 1.1 Fire Magic
 + Level 1.1 Ice Magic
 + Level 1.1 Air Magic
 + Level 1.1 Earth Magic
 + Level 1.1 Poison Magic
 + Level 1.5 Invocations
 + Level 1.4 Evocations


You had 6 spell levels left.
You didn't know any spells.
Your spell library contained the following spells:

 Spells                   Type           Power      Damage    Failure   Level
 Animate Skeleton         Necr           4%         N/A       100%        1
 Apportation              Tloc           4%         N/A       100%        1
 Beastly Appendage        Tmut           4%         N/A       100%        1
 Corona                   Hex            2%         N/A       100%        1
 Summon Small Mammal      Summ           8%         N/A       100%        1
 Wereblood                Tmut           2%         N/A       100%        2
 Spider Form              Tmut/Pois      1%         N/A       100%        3


Dungeon Overview and Level Annotations

Branches:
Dungeon (3/15)

Altars:

Shops:
D:1 [

Annotations:
D:3 Terence


Innate Abilities, Weirdness & Mutations

You have very sharp teeth.
Your uncanny sense of smell can sniff out nearby items.
Your experience applies equally to all skills.


Message History

You see here an adder corpse.
You feel sick.
A puff of flame appears from out of thin air!
The puff of flame hits you!
* * * LOW HITPOINT WARNING * * *
You feel better.
A red film seems to cover your vision as you go berserk!
You feel yourself moving faster!
You feel mighty!
You hit something. Something hits you.
* * * LOW HITPOINT WARNING * * *
You closely miss something. You block something's attack.
Your scale mail prevents you from hitting the orc.
You bite the orc.
The orc is severely wounded.
You miss something. Something hits you but does no damage.
The orc barely misses you. Something hits you but does no damage.
You block the orc's attack.
You slash the orc!
You kill the orc!
You slash something! Something hits you but does no damage.
You slash something!
Reactivating autopickup.
You feel a bit more experienced.
You have reached level 5!
You slice the rat!!
You kill the rat!
The orc barely misses you.
Items here: ) [ †††.
You barely miss the orc. The orc hits you but does no damage.
You closely miss the orc. You bite the orc.
The orc is severely wounded.
The orc hits you with a +2 whip of electrocution.
* * * LOW HITPOINT WARNING * * *
You closely miss the orc.
The orc is severely wounded.
You are no longer berserk.
You are exhausted.
You feel yourself slow down. You block the orc's attack.
The orc hits you with a +2 whip of electrocution.
You die...

...... ####..........
.....# ##....†........
...#. #..##..######..
∆ #..###...........#..
###.....oo)..........#
#.......#.........[.##
#.#.#@###..........##
###.. #o# #..........#
.....##@# #..........#
......).# #..........#
........# #..........#
........#
#..........##.
.......##
#############. .......
#. ..####. # .. #. ##


You could see Terence and an orc.

Vanquished Creatures
  An orc wizard (D:3)
  A gnoll (D:1)
  4 adders
  A worm (D:2)
  2 dart slugs (D:2)
  6 orcs (D:3)
  A bat (D:1)
  6 endoplasms
  5 giant cockroaches
  8 hobgoblins
  8 jackals (D:1)
  A quokka (D:2)
  2 ball pythons
  A frilled lizard (D:1)
  A goblin (D:3)
  2 kobolds (D:1)
  A rat (D:3)
51 creatures vanquished.

Notes
Turn   | Place    | Note
-------+----------+-------------------------------------------
     0 | D:1      | Urokeeper the Gnoll Fighter began the quest for the Orb.
     0 | D:1      | Reached XP level 1. HP: 23/23 MP: 1/1
   170 | D:1      | Reached XP level 2. HP: 23/29 MP: 2/2
   384 | D:1      | Reached XP level 3. HP: 35/35 MP: 3/3
   569 | D:1      | Found a faded altar of an unknown god.
   695 | D:1      | Found Nusiamio's Antique Armour Shop.
   872 | D:2      | Reached skill level 1 in Invocations
  1065 | D:2      | Reached skill level 1 in Short Blades
  1065 | D:2      | Reached skill level 1 in Long Blades
  1065 | D:2      | Reached skill level 1 in Maces & Flails
  1065 | D:2      | Reached skill level 1 in Polearms
  1065 | D:2      | Reached skill level 1 in Staves
  1065 | D:2      | Reached skill level 1 in Slings
  1065 | D:2      | Reached skill level 1 in Bows
  1065 | D:2      | Reached skill level 1 in Crossbows
  1065 | D:2      | Reached skill level 1 in Throwing
  1065 | D:2      | Reached skill level 1 in Dodging
  1065 | D:2      | Reached skill level 1 in Stealth
  1065 | D:2      | Reached skill level 1 in Unarmed Combat
  1065 | D:2      | Reached skill level 1 in Spellcasting
  1065 | D:2      | Reached skill level 1 in Evocations
  1225 | D:2      | Reached XP level 4. HP: 37/41 MP: 5/5
  2027 | D:3      | Reached skill level 1 in Conjurations
  2027 | D:3      | Reached skill level 1 in Hexes
  2027 | D:3      | Reached skill level 1 in Summonings
  2027 | D:3      | Reached skill level 1 in Necromancy
  2027 | D:3      | Reached skill level 1 in Translocations
  2027 | D:3      | Reached skill level 1 in Transmutations
  2027 | D:3      | Reached skill level 1 in Fire Magic
  2027 | D:3      | Reached skill level 1 in Ice Magic
  2027 | D:3      | Reached skill level 1 in Air Magic
  2027 | D:3      | Reached skill level 1 in Earth Magic
  2027 | D:3      | Reached skill level 1 in Poison Magic
  2207 | D:3      | Noticed Terence
  2225 | D:3      | HP: 2/41 [something/puff of flame (8)]
  2233 | D:3      | Reached XP level 5. HP: 11/47 MP: 5/7
  2237 | D:3      | Slain by an orc

Illustrated notes

Levels and vault maps discovered:
D:1:      scummos_arrival_star, layout_basic,
          dilly_ecumenical_altar_fadedgnrine, serial_shops,
          nicolae_shop_statue_plus, serial_park_tiny_1
D:2:      layout_loops_ring
D:3:      layout_rooms, uniq_terence

Skill      XL: |  1  2  3  4 |
---------------+-------------+-----
Invocations    | 1 |  1.5
Short Blades   | 1 |  1.4
Long Blades    | 1 |  1.4
Maces & Flails | 1 |  1.4
Polearms       | 1 |  1.4
Staves         | 1 |  1.4
Slings         | 1 |  1.4
Bows           | 1 |  1.4
Crossbows      | 1 |  1.4
Throwing       | 1 |  1.4
Dodging        | 1 |  1.4
Stealth        | 1 |  1.4
Unarmed Combat | 1 |  1.4
Spellcasting   | 1 |  1.4
Evocations     | 1 |  1.4
Conjurations   | 1 |  1.1
Hexes          | 1 |  1.1
Summonings     | 1 |  1.1
Necromancy     | 1 |  1.1
Translocations | 1 |  1.1
Transmutations | 1 |  1.1
Fire Magic     | 1 |  1.1
Ice Magic      | 1 |  1.1
Air Magic      | 1 |  1.1
Earth Magic    | 1 |  1.1
Poison Magic   | 1 |  1.1
Fighting       | |  6.6
Axes           | |  4.7
Armour         | |  6.6
Shields        | |  6.6

Action                   |  1- 3 |  4- 6 || total
-------------------------+-------+-------++-------
Melee: War axe           |   104 |    69 ||   173
       Bite              |    11 |     5 ||    16
  Use: Scroll            |       |     4 ||     4
       Potion            |       |     2 ||     2
Armor: Scale mail        |    32 |    25 ||    57
Dodge: Dodged            |    28 |    11 ||    39
Block: Tower shield      |   110 |    58 ||   168
